 Dungeon Crawl Stone Soup version 0.25-a0-290-g4a1327e (webtiles) character file.

Game seed: 1300586136932862634, levelgen mode: deterministic

6426 Blackhawk the Grappler (level 10, -9/147 HPs)
             Began as a Troll Hunter on Dec 14, 2019.
             Was a Priest of Trog.
             Mangled by a fire elemental (14 damage)
             ... summoned by a deep elf mage
             ... on level 9 of the Dungeon.
             The game lasted 00:14:47 (6863 turns).

Blackhawk the Grappler (Troll Hunter)               Turns: 6863, Time: 00:14:48

Health: -9/147     AC: 12    Str: 30    XL:     10   Next: 67%
Magic:  9/9        EV: 12    Int:  7    God:    Trog [***...]
Gold:   551        SH:  6    Dex: 10    Spells: 9/9 levels left

rFire    . . .     SeeInvis .     - Unarmed
rCold    . . .     Gourm    +   (no shield)
rNeg     . . .     Faith    .   x - +0 troll leather armour {Purgy}
rPois    .         Spirit   .   (helmet restricted)
rElec    .         Reflect  +   M - +2 cloak
rCorr    .         Harm     .   (gloves unavailable)
MR       .....                  (boots unavailable)
Stlth    ..........             k - +6 amulet of reflection
HPRegen  1.14/turn              (no ring)
MPRegen  0.11/turn              (no ring)

@: berserking, liquid flames, glowing, very quick
A: large, unfitting armour, claws 3, fast metabolism 3, gourmand, regeneration
1, shaggy fur 1, tough skin 3
a: Berserk, Trog's Hand, Renounce Religion


You were on level 9 of the Dungeon.
You worshipped Trog.
Trog was most pleased with you.
You were very full.

You visited 2 branches of the dungeon, and saw 10 of its levels.
You also visited: Sewer.

You collected 551 gold pieces.

Inventory:

Hand Weapons
 a - a +1 dagger of venom
 B - a +0 short sword
 J - a +0 giant spiked club
Missiles
 c - 5 large rocks (quivered)
 d - 5 throwing nets
Armour
 b - a +0 robe
 x - a +0 troll leather armour (worn) {Purgy}
 M - a +2 cloak (worn)
Jewellery
 k - a +6 amulet of reflection (around neck)
 o - an uncursed amulet of the acrobat {unknown}
 D - an uncursed ring of fire {unknown}
 E - an uncursed ring of fire {unknown}
Wands
 I - a wand of paralysis (21)
 L - a wand of flame (19)
 N - a wand of acid (4)
 O - a wand of random effects (5)
Scrolls
 e - 5 scrolls of teleportation {unknown}
 h - 2 scrolls of enchant weapon {unknown}
 l - 5 scrolls of identify {unknown}
 m - 4 scrolls of fear {unknown}
 n - 4 scrolls of remove curse {unknown}
 p - 6 scrolls of amnesia {unknown}
 r - 2 scrolls of magic mapping {unknown}
 s - 3 scrolls of enchant armour {unknown}
 t - 2 scrolls of blinking {unknown}
 w - 2 scrolls of fog {unknown}
 y - 3 scrolls of noise {unknown}
 G - a scroll of vulnerability {unknown}
 K - a scroll of immolation {unknown}
 P - a scroll of acquirement {unknown}
Potions
 g - 4 potions of curing {unknown}
 i - a potion of lignification {unknown}
 j - 2 potions of cancellation {unknown}
 q - 2 potions of haste {unknown}
 u - a potion of berserk rage {unknown}
 v - 3 potions of degeneration {unknown}
 z - 3 potions of agility {unknown}
 A - a potion of flight {unknown}
 C - a potion of might {unknown}
 F - 2 potions of heal wounds {unknown}
 H - a potion of resistance {unknown}
Comestibles
 f - 27 rations


   Skills:
 + Level 6.2 Fighting
 - Level 3.6 Throwing
 + Level 6.0 Armour
 + Level 6.3 Dodging
 - Level 0.3 Stealth
 * Level 10.3 Unarmed Combat


You had 9 spell levels left.
You didn't know any spells.
Your spell library was empty.

Dungeon Overview and Level Annotations

Branches:
Dungeon (9/15)             Temple (1/1) D:5           Sewer (visited)
   Lair: D:8-11         Orc: D:9-12

Altars:
Ashenzari
Cheibriados
Dithmenos
Elyvilon
Fedhas
Gozag
Hepliaklqana
Kikubaaqudgha
Makhleb
Nemelex Xobeh
Okawaru
Qazlal
Ru
Sif Muna
Trog
Uskayaw
Vehumet
Wu Jian
Xom
Yredelemnul
Zin
The Shining One


Innate Abilities, Weirdness & Mutations

You are too large for most types of armour.
You have claws for hands.
Your metabolism is lightning-fast.
You like to eat raw meat.
Your natural rate of healing is unusually fast.
You are covered in fur. (AC +1)
You have extremely tough skin. (AC +3)


Message History

You are covered in liquid flames!
* * * LOW HITPOINT WARNING * * *
The fire elemental closely misses you.
You eviscerate the deep elf mage!!! Your claw misses the deep elf mage.
The deep elf mage is almost dead.
You are covered in liquid flames!
* * * LOW HITPOINT WARNING * * *
The fire elemental hits you. The fire elemental burns you!
* * * LOW HITPOINT WARNING * * *
The deep elf mage points at you and mumbles some strange words.
The bolt of fire hits you!!
* * * LOW HITPOINT WARNING * * *
You scratch the deep elf mage.
The deep elf mage is almost dead.
You are covered in liquid flames!
* * * LOW HITPOINT WARNING * * *
The fire elemental hits you. The fire elemental burns you!
* * * LOW HITPOINT WARNING * * *
The fire elemental hits you. The fire elemental burns you!
You die...

#...# #..# #. ......###
...# ..%
#.......###.#.##.#
#.............#..# # #
#.......#........## #.#
#^......[.##....... #.#
#.......†.#........ ..
##.........EE.......
######........#e@$.......
.........................
#####........(###.......:
#.#.......# ##.......
#.####...##..........
#.##...#.##....$.....
#####....#.#.....?..#..##
...............####.....
......####.#(.......


You could see a deep elf mage and 2 fire elementals.

Vanquished Creatures
  A two-headed ogre (D:8)
  Pikel (D:7)
  A troll (D:9)
  A wraith (D:8)
  3 wyverns (D:8)
  A human (D:8)
  4 hogs
  A steam dragon (D:8)
  Edmund (D:5)
  Purgy (Sewer)
  3 orc warriors
  An ice beast (D:9)
  A sky beast (D:8)
  A necrophage (D:8)
  2 slaves (D:6)
  A black bear (D:6)
  4 ogres
  3 centaurs
  2 big kobolds (D:3)
  3 bullfrogs
  A scorpion (D:6)
  5 killer bees
  2 howler monkeys
  An electric eel (D:7)
  4 wights (D:8)
  2 crimson imps (D:5)
  A bullfrog zombie (D:8)
  7 hounds
  A quasit (D:9)
  2 orc priests
  A jelly (D:8)
  3 human zombies (D:8)
  Jessica (D:2)
  A human skeleton (D:8)
  3 iguanas
  9 orc wizards
  9 worker ants
  A killer bee zombie (D:7)
  2 mummies (D:8)
  A howler monkey zombie (D:5)
  5 gnolls
  7 adders
  A river rat (D:3)
  A shadow imp (D:6)
  An ooze (D:2)
  An adder zombie (D:9)
  3 worms
  5 dart slugs
  2 leopard geckos
  28 orcs
  A giant cockroach (D:1)
  7 goblins
  9 hobgoblins
  4 jackals (D:5)
  7 quokkas
  A ball python (D:8)
  14 bats
  10 frilled lizards
  A jackal zombie (D:8)
  16 kobolds
  2 leopard gecko skeletons
  A quokka skeleton (D:8)
  2 quokka zombies (D:5)
  2 rats (D:2)
224 creatures vanquished.

Vanquished Creatures (others)
  A slave (D:7)
  A centaur (D:9)
2 creatures vanquished.

Grand Total: 226 creatures vanquished

Notes
Turn   | Place    | Note
-------+----------+-------------------------------------------
     0 | D:1      | Blackhawk the Troll Hunter began the quest for the Orb.
     0 | D:1      | Reached XP level 1. HP: 19/19 MP: 0/0
   144 | D:1      | Reached XP level 2. HP: 28/28 MP: 1/1
   158 | D:1      | Reached skill level 1 in Unarmed Combat
   365 | D:1      | Reached XP level 3. HP: 35/35 MP: 2/2
   704 | D:2      | Noticed Jessica
   713 | D:2      | Reached skill level 1 in Armour
   730 | D:2      | Killed Jessica
   730 | D:2      | Reached skill level 2 in Unarmed Combat
   730 | D:2      | Reached XP level 4. HP: 42/42 MP: 3/3
  1310 | D:3      | Found a glowing drain.
  1345 | Sewer    | Entered a sewer
  1355 | Sewer    | Noticed Purgy
  1377 | Sewer    | Killed Purgy
  1377 | Sewer    | Reached skill level 3 in Unarmed Combat
  1377 | Sewer    | Reached XP level 5. HP: 35/50 MP: 4/4
  1558 | D:3      | Found an iron altar of Okawaru.
  2089 | D:3      | Reached XP level 6. HP: 58/59 MP: 5/5
  2139 | D:3      | Reached skill level 4 in Unarmed Combat
  2457 | D:4      | Reached XP level 7. HP: 29/67 MP: 6/6
  2505 | D:4      | Found a burning altar of Makhleb.
  3155 | D:4      | Reached skill level 5 in Unarmed Combat
  3214 | D:5      | Entered Level 5 of the Dungeon
  3415 | D:5      | Noticed Edmund
  3424 | D:5      | Killed Edmund
  3658 | D:5      | Reached XP level 8. HP: 59/78 MP: 7/7
  3681 | D:5      | Reached skill level 6 in Unarmed Combat
  3708 | D:5      | Found a staircase to the Ecumenical Temple.
  3717 | Temple   | Entered the Ecumenical Temple
  3816 | Temple   | Became a worshipper of Trog the Wrathful
  3962 | D:5      | Found a stormy altar of Qazlal.
  3962 | D:5      | Found a faded altar of an unknown god.
  3971 | D:5      | Found a shimmering altar of Xom.
  3974 | D:5      | Found an opulent altar of Gozag.
  3975 | D:5      | Found a glowing silver altar of Zin.
  4376 | D:6      | Reached * piety under Trog
  4380 | D:6      | Reached skill level 7 in Unarmed Combat
  4835 | D:7      | Reached XP level 9. HP: 85/85 MP: 8/8
  5189 | D:7      | Noticed Pikel
  5195 | D:7      | Killed Pikel
  5195 | D:7      | Reached skill level 8 in Unarmed Combat
  5204 | D:7      | Reached skill level 5 in Fighting
  5204 | D:7      | Reached skill level 5 in Dodging
  5734 | D:8      | Reached ** piety under Trog
  5839 | D:8      | Reached skill level 5 in Armour
  6125 | D:7      | Reached skill level 9 in Unarmed Combat
  6163 | D:7      | Reached XP level 10. HP: 78/96 MP: 9/9
  6418 | D:8      | Found a basalt altar of Yredelemnul.
  6668 | D:9      | Reached *** piety under Trog
  6692 | D:9      | Noticed a two-headed ogre
  6714 | D:8      | Killed a two-headed ogre
  6714 | D:8      | Reached skill level 10 in Unarmed Combat
  6847 | D:9      | Noticed a deep elf mage
  6863 | D:9      | HP: 5/147 [fire elemental[a deep elf mage] (7)]
  6863 | D:9      | Mangled by a fire elemental

Levels and vault maps discovered:
D:1:      psy_arrival_spokes, layout_basic
D:2:      layout_basic, uniq_jessica
D:3:      cheibrodos_thug_alley, layout_basic, old_standard_altar,
          cheibrodos_sewer_entry_sluice, kennysheep_generic_room_12
D:4:      layout_loops_corners, first_ration, bloody_makhleb
D:5:      layout_basic, chequers_temple_overflow_minitemple,
          minmay_temple_entry_large_hall, uniq_edmund
D:6:      layout_loops_ring
D:7:      layout_rooms, serial_bayou, serial_bayou_pond_e,
          serial_bayou_crossing, serial_bayou_pond_c, serial_bayou_pond_d,
          uniq_pikel
D:8:      layout_basic, lemuel_mausoleum_altar_yredelemnul, grunt_livestock
D:9:      layout_rooms, lair_entry_dummy, minmay_chambers_of_fives
Temple:   kb_temple_of_zot

Skill      XL: |  1  2  3  4  5  6  7  8  9 10 |
---------------+-------------------------------+-----
Unarmed Combat | 1 2 3 4 5 7 9 10 | 10.3
Dodging        | 2 3 4 5 6 |  6.3
Fighting       | 2 3 4 5 6 |  6.2
Armour         | 1 2 3 4 5 6 |  6.0
Throwing       | |  3.6
Stealth        | |  0.3

Action                   |  1- 3 |  4- 6 |  7- 9 | 10-12 || total
-------------------------+-------+-------+-------+-------++-------
Melee: Short sword       |    26 |       |       |       ||    26
       Unarmed           |    58 |   188 |   375 |   133 ||   754
       Punch             |       |     1 |    12 |     6 ||    19
Invok: Berserk           |       |       |     2 |     2 ||     4
 Stab: Sleeping          |     1 |     3 |       |       ||     4
  Eat: Chunk             |    12 |    15 |    37 |     8 ||    72
Armor: Robe              |    23 |    43 |       |       ||    66
       Troll leather arm |       |    25 |   115 |    62 ||   202
Dodge: Dodged            |    39 |    90 |   161 |    70 ||   360
Block: Other             |    33 |    36 |   113 |    36 ||   218
       Reflection        |       |       |     1 |     3 ||     4

Table legend:
 A = Non-vault XP
 B = Vault XP
 C = Vault XP percentage of total XP
 D = Non-vault monster count
 E = Vault monster count
 F = Vault count percentage of total count
                 A         B        C        D         E       F
            +---------+---------+-------+---------+---------+-------
      Total |    6045 |    3136 |  34.2 |     182 |      41 |  18.4
            +---------+---------+-------+---------+---------+-------
        D:1 |      50 |       0 |   0.0 |      21 |       0 |   0.0
        D:2 |      73 |      37 |  33.6 |      25 |       1 |   3.8
        D:3 |      50 |     232 |  82.3 |      13 |      13 |  50.0
        D:4 |     429 |       0 |   0.0 |      17 |       0 |   0.0
        D:5 |     573 |     157 |  21.5 |      28 |       1 |   3.4
        D:6 |     915 |       0 |   0.0 |      27 |       0 |   0.0
        D:7 |     643 |    1228 |  65.6 |      16 |       4 |  20.0
        D:8 |    2589 |    1146 |  30.7 |      23 |      14 |  37.8
        D:9 |     723 |     193 |  21.1 |      12 |       2 |  14.3
      Sewer |       0 |     143 | 100.0 |       0 |       6 | 100.0
            +---------+---------+-------+---------+---------+-------
